 Dungeon Crawl Stone Soup version 0.20.1-1-g8b1a95d (webtiles) character file.

26 matyilona the Digger (level 2, -3/22 HPs)
             Began as a Deep Dwarf Earth Elementalist on July 2, 2017.
             Slain by a slave (5 damage)
             ... led by Pikel
             ... on level 4 of the Dungeon on July 3, 2017.
             The game lasted 00:11:25 (1351 turns).

matyilona the Digger (DDEE)                         Turns: 1351, Time: 00:11:25

Health: -3/22      AC:  4    Str: 11    XL:     2   Next: 89%
Magic:  0/5        EV: 12    Int: 15    God:
Gold:   69         SH:  0    Dex: 13    Spells: 5/6 levels left

rFire    . . .     SeeInvis .   m - -2 dagger (curse)
rCold    . . .     Gourm    .   (no shield)
rNeg     . . .     Faith    .   c - +0 robe
rPois    .         Spirit   .   k - +1 helmet
rElec    .         Reflect  .   (no cloak)
rCorr    .         Harm     .   (no gloves)
MR       .....                  (no boots)
Stlth    ++........             (no amulet)
Regen    0.0/turn               (no ring)
MPRegen  0.1/turn               (no ring)

@: non-regenerating
A: damage resistance, heal wounds, sense surroundings 1, no regeneration
a: Heal Wounds


You were on level 4 of the Dungeon.
You were not hungry.

You visited 1 branch of the dungeon, and saw 3 of its levels.

You collected 69 gold pieces.

Inventory:

Hand Weapons
 a - a +0 club
 h - a +0 short sword
 m - a cursed -2 dagger (weapon)
Missiles
 b - 54 stones (quivered)
Armour
 c - a +0 robe (worn)
 k - a +1 helmet (worn)
Scrolls
 l - 2 scrolls of identify
Books
 e - a book of Geomancy

   Spells                             Type                      Level
   a - Sandblast                      Earth                        1
   b - Passwall                       Transmutation/Earth          2
   c - Stone Arrow                    Conjuration/Earth            3
   d - Petrify                        Transmutation/Earth          4
   e - Lee's Rapid Deconstruction     Earth                        5
Comestibles
 d - a bread ration
 f - 2 royal jellies


   Skills:
 - Level 2.1 Dodging
 - Level 2.4 Stealth
 * Level 2.7 Spellcasting
   Level 0.8 Transmutations
 + Level 4.3 Earth Magic


You had 5 spell levels left.
You knew the following spells:

 Your Spells              Type           Power        Failure   Level  Hunger
a - Sandblast             Erth           ###...       3%          1    #......


Dungeon Overview and Level Annotations

Branches:
Dungeon (2/15)

Altars:

Annotations:
D:4 Blork the orc, Eustachio, Natasha, Pikel


Innate Abilities, Weirdness & Mutations

You are resistant to damage.
You can heal yourself by infusing magical energy.
You passively map a small area around you.
You do not regenerate.


Message History

Pikel is lightly wounded.
b - 55 stones Pikel closely misses you.
Casting: Sandblast
Confirm with . or Enter, or press ? or * to list all spells.
Aiming: Sandblast
Press: ? - help, Shift-Dir - straight line, f/p - Pikel
Aim: Pikel, wielding a whip of freezing and wearing a glowing robe (lightly wounded)
The blast of sand hits Pikel.
Pikel is lightly wounded.
b - 54 stones The slave hits you but does no damage.
The slave closely misses you. Pikel hits you with a whip of freezing.
Pikel freezes you.
Casting: Sandblast
Confirm with . or Enter, or press ? or * to list all spells.
You don't have enough magic to cast that spell.
You closely miss Pikel.
Pikel is lightly wounded.
The slave hits you but does no damage. The slave hits you.
You die...

#...+≈ ≈ #.#.# * +*
##### #.#.#### ,
#...####......#., ,
#...#...............
#........######.##.h
#..p####.# .#* ,
#.pK# #.#### . #.p@#
#....# .# #####
#.##.# # #o# ,# #.#,
, * #####.+ ,
##.o...# #..#####
##.## *, ** ##..# ,
*


You could see Pikel and 3 slaves.

Vanquished Creatures
  2 worms (D:2)
  A giant cockroach (D:1)
  3 goblins (D:1)
  2 hobgoblins (D:1)
  3 bats (D:1)
  A frilled lizard (D:1)
  7 kobolds
  2 rats (D:1)
21 creatures vanquished.

Notes
Turn   | Place    | Note
-------+----------+-------------------------------------------
     0 | D:1      | matyilona the Deep Dwarf Earth Elementalist began the quest for the Orb.
     0 | D:1      | Reached XP level 1. HP: 15/15 MP: 3/3
   201 | D:1      | Reached XP level 2. HP: 19/22 MP: 3/5
   906 | D:2      | You fall through a shaft for 2 floors!
   906 | D:4      | Upgraded the game from 0.20.0-15-g7f486f2 to 0.20.1-1-g8b1a95d
   906 | D:4      | Noticed Natasha
   906 | D:4      | Noticed Pikel
   906 | D:4      | Noticed a slave
   906 | D:4      | Noticed a slave
   906 | D:4      | Noticed a slave
   908 | D:4      | Noticed a slave
   908 | D:4      | Noticed Eustachio
   962 | D:4      | Noticed Blork the orc
  1351 | D:4      | Slain by a slave

Skill      XL: |  1 |
---------------+----+-----
Spellcasting   | 2 |  2.7
Dodging        | |  2.1
Stealth        | |  2.4
Transmutations | |  0.8
Earth Magic    | |  4.3

Action                   || total
-------------------------++-------
Melee: Club              ||     7
       Unarmed           ||     1
       Dagger            ||    10
 Cast: Sandblast         ||    40
  Use: Scroll            ||     4
       Potion            ||     2
 Stab: Sleeping          ||     1
  Eat: Meat ration       ||     1
Armor: Robe              ||     7
Dodge: Dodged            ||    25
